AoeStats
← Malik Bhai

Hideout

508794982Analyzed
1v1 RM · 8d ago on Sep 24, 2026· 62m 9s· 2 players
Game mode
Random Map
Map size
Tiny (2 player)
Population
200
Speed
Normal
Resources
Standard
Victory
Conquest
Starting age
Dark Age
Ending age
Imperial Age
RankedLock teamsTeams togetherTeam positionsShared explorationLock speedFull tech treeHidden civsTurbo modeCheats
Victory
Defeat
🇺🇸 Saxons · United States
1671
+14
🇵🇰 Khitans · Pakistan
1637
-14
Malik Bhai
5:46 Loom
8:00 Feudal Age
9:15 Double-Bit Axe
12:07 Fletching
13:17 Domestication
21:49 Castle Age
22:34 Bodkin Arrow
22:55 Bow Saw
23:54 Wheelbarrow
30:40 Imperial Age
32:48 Scale Mail Armor
33:02 Pastoralism
33:23 Forging
34:31 Chain Mail Armor
37:11 Scale Barding Armor
37:41 Iron Casting
38:46 Two-Man Saw
38:16 Transhumance
38:34 Plate Mail Armor
38:27 Chain Barding Armor
37:30 Light Cavalry
41:53 Plate Barding Armor
43:34 Hussar
45:21 Plate Mail Armor
49:25 Squires
49:10 Arson
50:18 Transhumance
50:37 Elite Liao Dao
52:12 Elite Steppe Lancer
53:39 Bracer
54:01 Ballistics
53:49 Town Watch
53:43 Elite Skirmisher
54:04 Crossbowman
54:50 Thumb Ring
54:47 Padded Archer Armor
55:20 Clinker Construction
ashleylynn
10:21 Feudal Age
8:40 Loom
10:29 Feudal Age
12:02 Double-Bit Axe
25:09 Castle Age
23:24 Fletching
26:33 Bodkin Arrow
28:30 Gold Mining
28:54 Town Watch
33:42 Wheelbarrow
34:28 Scale Mail Armor
38:30 Hand Cart
40:15 Forging
42:05 Chain Mail Armor
42:06 Stone Mining
42:52 Gold Shaft Mining
42:46 Bow Saw
43:34 Iron Casting
45:41 Squires
45:28 Arson
46:13 Squires
48:46 Imperial Age
49:04 Elite Varangian Guard
51:02 Plate Mail Armor
52:33 Shield Wall
54:20 Pikeman
56:07 Conscription
57:08 Two-Man Saw
56:49 Guilds
58:29 Two-Man Saw
57:42 Sappers
61:07 Bracer
63:22 Hoardings
Connection lost

Rejoining the realm…

Still unreachable

The connection could not be restored.

Session expired

The server has moved on; the page needs a fresh start.